 Dungeon Crawl Stone Soup version 0.16-a0-2984-g889390b (webtiles) character file.

3663 Chiseanne the Blocker (level 10, -6/77 HPs)
             Began as a Formicid Fighter on Dec 6, 2014.
             Was an Elder of Makhleb.
             Mangled by a red wasp (18 damage)
             ... on level 8 of the Dungeon.
             The game lasted 00:23:33 (7173 turns).

Chiseanne the Blocker (Formicid Fighter)            Turns: 7173, Time: 00:23:34

Health: -6/77      AC: 11    Str: 20    XL:     10   Next: 34%
Magic:  13/13      EV:  9    Int:  9    God:    Makhleb [****..]
Gold:   28         SH: 11    Dex: 13    Spells: 0 memorised, 9 levels left

rFire  + . .     SeeInvis +     a - +4 war axe
rCold  + . .     Clarity  .     m - +3 scale mail {rPois}
rNeg   . . .     SustAb   .     c - +0 shield
rPois  +         Gourm    .     (helmet unavailable)
rElec  +         Spirit   .     (no cloak)
rCorr  +         Warding  .     (no gloves)
rMut   .         Stasis   +     (no boots)
MR     +....                    h - amulet of resist corrosion
Stlth  ..........               (no ring)
                                (no ring)

@: resistant, somewhat resistant to hostile enchantments, extremely unstealthy
A: permanent stasis, dig shafts and tunnels, four strong arms, antennae 3
a: Dig, Shaft Self, Minor Destruction, Lesser Servant of Makhleb, Major
Destruction, Renounce Religion


You were on level 8 of the Dungeon.
You worshipped Makhleb.
Makhleb was greatly pleased with you.
You were not hungry.

You visited 2 branches of the dungeon, and saw 9 of its levels.

You collected 535 gold pieces.
You spent 507 gold pieces at shops.

Inventory:

Hand weapons
 a - a +4 war axe (weapon)
 k - a +0 morningstar
 w - a -1 blowgun
Missiles
 j - 2 tomahawks (quivered)
 r - 19 poisoned needles
 A - 4 curare-tipped needles
Armour
 c - a +0 shield (worn)
 m - a +3 scale mail of poison resistance (worn)
Jewellery
 h - an amulet of resist corrosion (around neck)
 z - an uncursed ring of fire
Scrolls
 e - 2 scrolls of amnesia
 f - 2 scrolls of identify
 g - 2 scrolls of magic mapping
 y - a scroll of fear
Potions
 n - a potion of invisibility
 o - a potion of restore abilities
 q - a potion of cure mutation
 s - 2 potions of ambrosia
 t - 2 potions of resistance
 x - a potion of cancellation
Comestibles
 b - 5 meat rations
 d - 5 bread rations
 i - 9 slices of pizza
 p - 4 fruits
 v - a beef jerky


   Skills:
 * Level 6.5 Fighting
 * Level 7.3 Axes
 * Level 7.7 Armour
 * Level 5.1 Dodging
 * Level 9.3 Shields


You had 9 spell levels left.
You didn't know any spells.

Dungeon Overview and Level Annotations

Branches:
Dungeon (8/15)             Temple (1/1) D:4
   Lair: D:8-11

Altars:
Cheibriados
Dithmenos
Elyvilon
Fedhas
Kikubaaqudgha
Makhleb
Nemelex Xobeh
Okawaru
Qazlal
Ru
Sif Muna
Trog
Vehumet
Xom
Yredelemnul
Zin

Shops:
D:6 *   D:8 *


Innate Abilities, Weirdness & Mutations

You are under a permanent stasis effect.
You can dig through walls and to a lower floor.
Your four strong arms can wield two-handed weapons with a shield.
You have a pair of large antennae on your head (SInv).


Message History

The red wasp stings you!
* * * LOW HITPOINT WARNING * * *
Drink which item? (? for menu, Esc to quit)
You feel better.
The red wasp stings you but does no damage.
You block the red wasp's attack.
Drink which item? (? for menu, Esc to quit)
You feel protected. You block the red wasp's attack.
A worker ant comes into view.
Drink which item? (? for menu, Esc to quit)
Okay, then.
You hit the red wasp but do no damage.
The red wasp is heavily wounded.
The red wasp stings you!
* * * LOW HITPOINT WARNING * * *
You block the red wasp's attack.
Drink which item? (? for menu, Esc to quit)
You feel better. The red wasp stings you!!
You die...

#.# #.#....#......
#.###.#....#......
#a##..#.._.#...8.#
#.##..#.)..##.##.#
#.....#.⌠.⌠# ##
#.#.#.##'#####... ##
#.#.#............
#...##y#..)..........#
#...:.@.))).........#
.....<.....)..#........
###..................#
#############.....#
#...# ###


You could see a red wasp and a worker ant.

Vanquished Creatures
  A giant orange brain (D:8)
  A human (D:7)
  Eustachio (D:4)
  A hungry ghost (D:8)
  A vampire mosquito (D:8)
  An orc warrior (D:5)
  A sky beast (D:5)
  5 ogres
  A phantom (D:5)
  A necrophage (D:5)
  3 centaurs
  A gnoll sergeant (D:8)
  2 giant frogs
  A scorpion (D:6)
  A killer bee (D:8)
  A centaur zombie (D:6)
  5 crimson imps
  A goliath beetle (D:8)
  5 wights (D:7)
  An iron imp (D:4)
  5 hounds
  3 orc priests
  6 orc wizards
  2 iguanas
  3 worker ants
  4 sheep (D:7)
  2 hound skeletons (D:7)
  4 gnolls (D:8)
  A worker ant zombie (D:7)
  8 adders
  3 giant mites
  A worm (D:2)
  An adder zombie (D:6)
  3 adder skeletons
  2 giant geckos
  22 orcs
  A ball python (D:4)
  A bat skeleton (D:6)
  2 bat zombies (D:5)
  3 giant cockroaches
  7 goblins
  7 hobgoblins
  3 jackals (D:5)
  19 kobolds
  2 quokkas
  17 bats
  2 giant gecko skeletons
  A giant gecko zombie (D:7)
  7 giant newts
  13 rats
190 creatures vanquished.

Notes
Turn   | Place    | Note
--------------------------------------------------------------
     0 | D:1      | Chiseanne, the Formicid Fighter, began the quest for the Orb.
     0 | D:1      | Reached XP level 1. HP: 18/18 MP: 1/1
   194 | D:1      | Reached XP level 2. HP: 20/24 MP: 3/3
   271 | D:1      | Reached skill level 4 in Shields
   777 | D:2      | Reached XP level 3. HP: 29/29 MP: 4/4
  1295 | D:2      | Reached XP level 4. HP: 22/36 MP: 5/5
  1630 | D:3      | Found an iron altar of Okawaru.
  1694 | D:3      | Reached XP level 5. HP: 42/42 MP: 7/7
  2081 | D:4      | Reached skill level 1 in Dodging
  2466 | D:4      | Reached skill level 5 in Shields
  2466 | D:4      | Reached XP level 6. HP: 40/48 MP: 8/8
  2595 | D:4      | Found a staircase to the Ecumenical Temple.
  2606 | D:4      | Noticed Eustachio
  2623 | Temple   | Entered the Ecumenical Temple
  2846 | Temple   | Became a worshipper of Makhleb the Destroyer
  2937 | D:4      | Killed Eustachio
  2937 | D:4      | Reached skill level 5 in Armour
  2937 | D:4      | Reached XP level 7. HP: 34/54 MP: 9/9
  3441 | D:4      | Acquired Makhleb's first power
  3547 | D:5      | Entered Level 5 of the Dungeon
  3873 | D:5      | Reached skill level 6 in Shields
  3873 | D:5      | Reached XP level 8. HP: 53/61 MP: 11/11
  3973 | D:5      | HP: 3/61 [phantom (6)]
  4343 | D:5      | Reached skill level 7 in Shields
  4625 | D:6      | Reached skill level 5 in Axes
  4625 | D:6      | Acquired Makhleb's second power
  4680 | D:6      | Reached skill level 5 in Fighting
  4708 | D:6      | Found a stormy altar of Qazlal.
  4729 | D:6      | Found Wisukhlo's General Store.
  4746 | D:6      | Reached XP level 9. HP: 68/68 MP: 12/12
  4763 | D:6      | Bought a potion of ambrosia for 80 gold pieces
  4763 | D:6      | Bought a scroll of torment for 75 gold pieces
  4763 | D:6      | Bought a scroll of identify for 20 gold pieces
  4763 | D:6      | Bought a scroll of magic mapping for 35 gold pieces
  4770 | D:6      | Found a sacrificial altar of Ru.
  5251 | D:6      | Found a blossoming altar of Fedhas.
  5348 | D:6      | Reached skill level 8 in Shields
  5749 | D:7      | Acquired Makhleb's third power
  6872 | D:8      | Found a radiant altar of Vehumet.
  6884 | D:8      | Reached XP level 10. HP: 69/76 MP: 13/13
  6945 | D:8      | Found Clost's Assorted Antiques.
  7070 | D:8      | Bought a glowing purple potion for 21 gold pieces
  7070 | D:8      | Bought a scroll of fear for 84 gold pieces
  7070 | D:8      | Bought a shiny bronze ring for 120 gold pieces
  7070 | D:8      | Bought a scroll labeled IGATSU MUT VUF for 24 gold pieces
  7070 | D:8      | Bought a scroll of identify for 48 gold pieces
  7078 | D:8      | Noticed a giant orange brain
  7091 | D:8      | Killed a giant orange brain
  7091 | D:8      | Reached skill level 9 in Shields
  7116 | D:8      | Found an ancient bone altar of Kikubaaqudgha.
  7116 | D:8      | Found a white marble altar of Elyvilon.
  7120 | D:8      | Reached skill level 5 in Dodging
  7160 | D:8      | Noticed a red wasp
  7161 | D:8      | Acquired Makhleb's fourth power
  7169 | D:8      | HP: 1/77 [red wasp (10)]
  7173 | D:8      | Mangled by a red wasp

Action                   |  1- 3 |  4- 6 |  7- 9 | 10-12 || total
-------------------------+-------+-------+-------+-------++-------
Melee: War axe           |    79 |   126 |   384 |    58 ||   647
 Fire: Blowgun           |       |       |       |     2 ||     2
Throw: Tomahawk          |       |       |     2 |     2 ||     4
 Abil: Dig               |     3 |     2 |    11 |       ||    16
Evoke: Wand              |     1 |       |       |     4 ||     5
  Use: Scroll            |    10 |     6 |     5 |     6 ||    27
       Potion            |       |     1 |     2 |     3 ||     6
 Stab: Invisible         |       |       |     5 |       ||     5
  Eat: Chunk             |     1 |     6 |    14 |     1 ||    22
       Fruit             |       |       |     1 |       ||     1
       Beef jerky        |       |       |     1 |       ||     1
